cohdb
Replays
Latest Replays
All Replays
Popular Replays
Top Player Replays
Match Explorer
How It Works
Community
CoH3 Stats
Reddit
Sign in to upload your games and track your stats! →
Sign in with Steam
Match 40979389
Unlisted
Match 40979389
Overview
Messages
Build Orders
End
Panzergrenadier Squad
Selects Armored Support Battlegroup
Panzerpioneer Squad
250 Light Carrier
Panzergrenadier Squad
Construct Light Support Kompanie
Selects Superior Fire Drills
2.5-tonne Medical Truck
Fire Support Elements
Panzergrenadier Squad
Pak 38 Mechanized Group
Combat Half-tracks
Flakvierling Half-track
Veteran Squad Leaders
Selects Flammpanzer III Medium Tank
Flammpanzer III Medium Tank
Vehicle Survival Package
2.5-tonne Medical Truck
Construct Mechanized Kompanie
le.IG 18 Mechanized Group
Construct Panzerarmee Kommand
Emergency Repair Kits
Selects Salvage Kits
Selects Panzer Storm
Flak 36 Anti-tank Gun Team
Tungsten Core Ammunition
Flammpanzer III Medium Tank
MG34 Team
Selects Stuka Anti-tank Loiter
Stuka Anti-tank Loiter
Rapid Advance
Advanced Optics
Flak 36 Anti-tank Gun Team
sj0112
shadow
NANAMI
(Luke_NPG
Enterprise
Dumpster Bob
Dark Angels
pm★Elijah
0
0
Comments
sign in to comment!
No comments posted yet!